3AAA
WILMINGTON BAY HAWKS @ SIOUX FALLS RED PANDAS
08/16/2022
 
TOP OF THE 1ST
Wilmington Bay Hawks batting - Pitching for Sioux Falls Red Pandas : RHP José Campos
Pitching: RHP José Campos
Batting: LHB Steve Grimes 0-0: Called Strike
0-1: Foul Ball, location: 2F
0-2: Ball
1-2: Foul Ball, location: 2F
1-2: Ball
2-2: Foul Ball, location: 2F
2-2: Foul Ball, location: 2F
2-2: Foul Ball, location: 2F
2-2: Ground out 4-3 (Groundball, 34)
Batting: SHB José Martínez 0-0: Foul Ball, location: 2F
0-1: Ball
1-1: Ground out 4-3 (Groundball, 4)
Batting: RHB Jim Unknown 0-0: Ball
1-0: Foul Ball, location: 2F
1-1: SINGLE (Groundball, 56D)
Batting: LHB Phil Parkinson 0-0: Foul Ball, location: 2F
0-1: Foul Ball, location: 2F
0-2: Foul Ball, location: 2F
0-2: Foul Ball, location: 2F
0-2: Ball
1-2: Foul Ball, location: 2F
1-2: Foul Ball, location: 2F
1-2: Foul Ball, location: 2F
1-2: SINGLE (Groundball, 4MD)
Jim Unknown to second
Runner from 2nd tries for 3rd, SAFE, throw made to third
Batting: RHB Phil Terry 0-0: Ball
1-0: Swinging Strike
1-1: Ball
2-1: Fly out, F8 (Flyball, 8RM)
Top of the 1st over - 0 run(s), 2 hit(s), 0 error(s), 2 left on base; Wilmington 0 - Sioux Falls 0
BOTTOM OF THE 1ST
Sioux Falls Red Pandas batting - Pitching for Wilmington Bay Hawks : RHP Claudio Díaz
Pitching: RHP Claudio Díaz
Batting: RHB Rubén Marino 0-0: Called Strike
0-1: SOLO HOME RUN (Line Drive, 78XD), Distance : 467 ft
Batting: SHB Dan Hunt 0-0: Called Strike
0-1: Reached on error, E3 (Groundball, 34S)
Batting: LHB Thomas Campbell 0-0: Called Strike
0-1: Ball
Passed Ball!
Dan Hunt to second
1-1: Foul Ball, location: 2F
1-2: SINGLE (Line Drive, 4D)
Dan Hunt to third
Batting: RHB Eduardo Sánchez 0-0: Ball
1-0: Ball
2-0: Ball
3-0: Called Strike
3-1: Base on Balls
Thomas Campbell to second
Batting: LHB Steve Riggs 0-0: Called Strike
0-1: Foul Ball, location: 2F
0-2: SINGLE (Groundball, 6MD)
Dan Hunt scores
Thomas Campbell to third
Eduardo Sánchez to second
Runner from 3rd tries for Home, SAFE, no throw or cutoff
Batting: RHB Jesús Martínez 0-0: Called Strike
0-1: SINGLE (Line Drive, 8RS)
Eduardo Sánchez to third
Steve Riggs to second
Batting: LHB Pancho Ruíz 0-0: Foul Ball, location: 2F
0-1: SINGLE (Groundball, 3D)
Eduardo Sánchez scores
Steve Riggs to third
Jesús Martínez to second
Runner from 3rd tries for Home, SAFE, throw made home
Jesús Martínez to third
Pancho Ruíz to second
Batting: RHB Jorge Rivera 0-0: Called Strike
0-1: Foul Ball, location: 2F
0-2: Fly out, F8 (Line Drive, 8LM)
0-2: Lined into DP, 8-5 (Line Drive, 8LM)
Batting: RHB Jean Chamissa 0-0: Fly out, F2 (Popup, 2RF)
Bottom of the 1st over - 5 run(s), 5 hit(s), 1 error(s), 1 left on base; Wilmington 0 - Sioux Falls 5
TOP OF THE 2ND
Wilmington Bay Hawks batting - Pitching for Sioux Falls Red Pandas : RHP José Campos
Batting: RHB Jim Unknown 0-0: Ball
1-0: Ball
2-0: Ball
3-0: Base on Balls
Batting: RHB Jim Unknown 0-0: Ball
1-0: Called Strike
1-1: Ball
2-1: Swinging Strike
2-2: Foul Ball, location: 2F
2-2: Strikes out looking
Batting: RHB Jim Unknown 0-0: Ball
1-0: Called Strike
1-1: Foul Ball, location: 2F
1-2: Strikes out swinging
Batting: RHB Jim Unknown 0-0: Fielders Choice at 2nd, U6 (Groundball, 6M)
Top of the 2nd over - 0 run(s), 0 hit(s), 0 error(s), 1 left on base; Wilmington 0 - Sioux Falls 5
BOTTOM OF THE 2ND
Sioux Falls Red Pandas batting - Pitching for Wilmington Bay Hawks : RHP Claudio Díaz
Batting: RHB Rubén Marino 0-0: Ball
1-0: Ball
2-0: Called Strike
2-1: Ball
3-1: Called Strike
3-2: Ground out 1-3 (Groundball, 23)
Batting: SHB Dan Hunt 0-0: Ball
1-0: Called Strike
1-1: Swinging Strike
1-2: Ball
2-2: Strikes out looking
Batting: LHB Thomas Campbell 0-0: Ball
1-0: Called Strike
1-1: Ball
2-1: Ground out 3-1 (Groundball, 34S)
Bottom of the 2nd over - 0 run(s), 0 hit(s), 0 error(s), 0 left on base; Wilmington 0 - Sioux Falls 5
TOP OF THE 3RD
Wilmington Bay Hawks batting - Pitching for Sioux Falls Red Pandas : RHP José Campos
Batting: LHB Steve Grimes 0-0: Foul Ball, location: 2F
0-1: Foul Ball, location: 2F
0-2: Ball
1-2: Ball
2-2: SINGLE (Flyball, 7LM)
Batting: SHB José Martínez 0-0: Ball
1-0: DOUBLE (Flyball, 9LM)
Steve Grimes to third
Batting: RHB Jim Unknown 0-0: Ball
1-0: Called Strike
1-1: Foul Ball, location: 2F
1-2: SINGLE (Groundball, 6D)
Steve Grimes scores
José Martínez to third
Runner from 3rd tries for Home, SAFE, throw made home
Batting: LHB Phil Parkinson 0-0: Foul Ball, location: 2F
0-1: Foul Ball, location: 2F
0-2: Foul Ball, location: 2F
0-2: Ball
1-2: Ground out 6-3 (Groundball, 6MS)
Jim Unknown to second
Batting: RHB Phil Terry 0-0: Foul Ball, location: 2F
0-1: Called Strike
0-2: Strikes out swinging
Batting: RHB Jim Unknown 0-0: Called Strike
0-1: Ball
1-1: SINGLE (Line Drive, 4MD)
Jim Unknown to third
Batting: RHB Jim Unknown 0-0: Ball
1-0: Foul Ball, location: 2F
1-1: Swinging Strike
1-2: Ball
2-2: Fly out, F6 (Popup, 6)
Top of the 3rd over - 2 run(s), 4 hit(s), 0 error(s), 2 left on base; Wilmington 2 - Sioux Falls 5
BOTTOM OF THE 3RD
Sioux Falls Red Pandas batting - Pitching for Wilmington Bay Hawks : RHP Claudio Díaz
Batting: RHB Eduardo Sánchez 0-0: Ball
1-0: Ball
2-0: Ball
3-0: Base on Balls
Batting: LHB Steve Riggs 0-0: Ball
1-0: SINGLE (Flyball, 8RS)
Eduardo Sánchez to second
Runner from 2nd tries for 3rd, OUT!
Batting: RHB Jesús Martínez 0-0: Ball
1-0: Swinging Strike
1-1: Fielders Choice at 2nd, 3-6 (Groundball, 3)
Batting: LHB Pancho Ruíz 0-0: Ball
1-0: Ball
2-0: Ball
3-0: Called Strike
3-1: Called Strike
3-2: Ground out 6-3 (Groundball, 6M)
Bottom of the 3rd over - 0 run(s), 1 hit(s), 0 error(s), 1 left on base; Wilmington 2 - Sioux Falls 5
TOP OF THE 4TH
Wilmington Bay Hawks batting - Pitching for Sioux Falls Red Pandas : RHP José Campos
Batting: RHB Jim Unknown 0-0: Foul Ball, location: 2F
0-1: Fly out, F9 (Line Drive, 9M)
Batting: RHB Jim Unknown 0-0: Ball
1-0: Called Strike
1-1: Ground out 6-3 (Groundball, 6)
Batting: LHB Steve Grimes 0-0: Called Strike
0-1: SINGLE (Line Drive, 34D)
Batting: SHB José Martínez 0-0: Ball
Steve Grimes steals 2nd base
1-0: Swinging Strike
1-1: Swinging Strike
1-2: Strikes out swinging
Top of the 4th over - 0 run(s), 1 hit(s), 0 error(s), 1 left on base; Wilmington 2 - Sioux Falls 5
BOTTOM OF THE 4TH
Sioux Falls Red Pandas batting - Pitching for Wilmington Bay Hawks : RHP Claudio Díaz
Batting: RHB Jorge Rivera 0-0: Ball
1-0: Swinging Strike
1-1: Foul Ball, location: 2F
1-2: DOUBLE (Groundball, 5L)
Batting: RHB Jean Chamissa 0-0: Ground out 4-3 (Groundball, 4M)
Jorge Rivera to third
Batting: RHB Rubén Marino 0-0: Ball
1-0: Called Strike
1-1: Swinging Strike
1-2: Foul Ball, location: 2F
1-2: Strikes out swinging
Batting: SHB Dan Hunt 0-0: Ball
1-0: Called Strike
1-1: Swinging Strike
1-2: Ball
2-2: Foul Ball, location: 2F
2-2: Strikes out looking
Bottom of the 4th over - 0 run(s), 1 hit(s), 0 error(s), 1 left on base; Wilmington 2 - Sioux Falls 5
TOP OF THE 5TH
Wilmington Bay Hawks batting - Pitching for Sioux Falls Red Pandas : RHP José Campos
Batting: RHB Jim Unknown 0-0: Swinging Strike
0-1: Ball
1-1: Fly out, F8 (Popup, 8RM)
Batting: LHB Phil Parkinson 0-0: Fly out, F6 (Popup, 6MD)
Batting: RHB Phil Terry 0-0: Foul Ball, location: 2F
0-1: Foul Ball, location: 2F
0-2: Ball
1-2: Ball
2-2: Strikes out swinging
Top of the 5th over - 0 run(s), 0 hit(s), 0 error(s), 0 left on base; Wilmington 2 - Sioux Falls 5
BOTTOM OF THE 5TH
Sioux Falls Red Pandas batting - Pitching for Wilmington Bay Hawks : RHP Claudio Díaz
Batting: LHB Thomas Campbell 0-0: Ball
1-0: Fly out, F9 (Flyball, 9LMF)
Batting: RHB Eduardo Sánchez 0-0: Ball
1-0: Ball
2-0: Ground out 5-3 (Groundball, 5S)
Batting: LHB Steve Riggs 0-0: Ball
1-0: Called Strike
1-1: Swinging Strike
1-2: Ball
2-2: Strikes out swinging
Bottom of the 5th over - 0 run(s), 0 hit(s), 0 error(s), 0 left on base; Wilmington 2 - Sioux Falls 5
TOP OF THE 6TH
Wilmington Bay Hawks batting - Pitching for Sioux Falls Red Pandas : RHP José Campos
Pitching: RHP Stephen Dowell
Batting: RHB Jim Unknown 0-0: Ball
1-0: Called Strike
1-1: Fly out, F8 (Flyball, 8RM)
Batting: RHB Jim Unknown 0-0: Reached on error, E5 (Groundball, 5S)
Batting: RHB Jim Unknown 0-0: Called Strike
0-1: Foul Ball, location: 2F
0-2: Ground out 5-3 (Groundball, 56S)
Jim Unknown to third
Batting: RHB Jim Unknown 0-0: Called Strike
0-1: Foul Ball, location: 2F
0-2: Ball
1-2: Ball
2-2: Strikes out swinging
Top of the 6th over - 0 run(s), 0 hit(s), 1 error(s), 1 left on base; Wilmington 2 - Sioux Falls 5
BOTTOM OF THE 6TH
Sioux Falls Red Pandas batting - Pitching for Wilmington Bay Hawks : RHP Claudio Díaz
Batting: RHB Jesús Martínez 0-0: Foul Ball, location: 2F
0-1: Ball
1-1: Fly out, F2 (Popup, 2L)
Batting: LHB Pancho Ruíz 0-0: Called Strike
0-1: Ball
1-1: Ball
2-1: Swinging Strike
2-2: Ball
3-2: Ground out 4-3 (Groundball, 34)
Batting: RHB Jorge Rivera 0-0: SINGLE (Line Drive, 6M)
Batting: RHB Jean Chamissa 0-0: Ball
1-0: SINGLE (Line Drive, 89S)
Jorge Rivera to second
Batting: RHB Rubén Marino 0-0: Called Strike
0-1: Fly out, F8 (Flyball, 8LD)
Bottom of the 6th over - 0 run(s), 2 hit(s), 0 error(s), 2 left on base; Wilmington 2 - Sioux Falls 5
TOP OF THE 7TH
Wilmington Bay Hawks batting - Pitching for Sioux Falls Red Pandas : RHP Stephen Dowell
Batting: LHB Steve Grimes 0-0: Called Strike
0-1: Ball
1-1: DOUBLE (Flyball, 8RM)
Batting: SHB José Martínez 0-0: Ball
1-0: Ball
2-0: Called Strike
2-1: Ball
3-1: Foul Ball, location: 2F
3-2: Base on Balls
Batting: RHB Jim Unknown 0-0: Ball
1-0: Ball
2-0: Called Strike
2-1: Called Strike
2-2: Ball
3-2: Fly out, F9 (Flyball, 9M)
Batting: LHB Phil Parkinson 0-0: Ball
1-0: Called Strike
1-1: Fly out, F7 (Flyball, 8LM)
Batting: RHB Phil Terry 0-0: Ball
1-0: Ball
2-0: Ball
3-0: Called Strike
3-1: Foul Ball, location: 2F
3-2: Foul Ball, location: 2F
3-2: SINGLE (Groundball, 56D)
Steve Grimes to third
José Martínez to second
Steve Grimes scores
José Martínez to third
Pitching: LHP Tomás Galván
Batting: RHB Jim Unknown 0-0: Ball
1-0: Ball
2-0: Ball
3-0: Foul Ball, location: 2F
3-1: Foul Ball, location: 2F
3-2: Foul Ball, location: 2F
3-2: Foul Ball, location: 2F
3-2: Base on Balls
Phil Terry to second
Batting: RHB Jim Unknown 0-0: Swinging Strike
0-1: Ball
1-1: Foul Ball, location: 2F
1-2: Ball
2-2: Foul Ball, location: 2F
2-2: Foul Ball, location: 2F
2-2: Strikes out swinging passed ball, reaches first!
José Martínez scores
Phil Terry to third
Jim Unknown to second
Batting: RHB Jim Unknown 0-0: Called Strike
0-1: Fly out, F4 (Popup, 4)
Top of the 7th over - 2 run(s), 2 hit(s), 0 error(s), 3 left on base; Wilmington 4 - Sioux Falls 5
BOTTOM OF THE 7TH
Sioux Falls Red Pandas batting - Pitching for Wilmington Bay Hawks : RHP Claudio Díaz
Batting: SHB Dan Hunt 0-0: Foul Ball, location: 2F
0-1: Called Strike
0-2: Ball
1-2: Ball
2-2: Foul Ball, location: 2F
2-2: Strikes out swinging
Batting: LHB Thomas Campbell 0-0: Called Strike
0-1: Swinging Strike
0-2: Foul Ball, location: 2F
0-2: Ball
1-2: Fly out, F3 (Popup, 23)
Batting: RHB Eduardo Sánchez 0-0: Called Strike
0-1: Called Strike
0-2: SINGLE (Groundball, 6MD)
Pitching: RHP Jim Unknown
Batting: LHB Steve Riggs 0-0: Ball
1-0: Called Strike
1-1: SINGLE (Line Drive, 8RS)
Eduardo Sánchez to second
Batting: RHB Jesús Martínez 0-0: Called Strike
0-1: Ball
1-1: Foul Ball, location: 2F
1-2: Ball
2-2: SINGLE (Flyball, 9S)
Eduardo Sánchez to third
Steve Riggs to second
Runner from 3rd tries for Home, throw and OUT!
Bottom of the 7th over - 0 run(s), 3 hit(s), 0 error(s), 2 left on base; Wilmington 4 - Sioux Falls 5
TOP OF THE 8TH
Wilmington Bay Hawks batting - Pitching for Sioux Falls Red Pandas : LHP Tomás Galván
Pitching: RHP Enrique Franco
Batting: RHB Jim Unknown 0-0: Foul Ball, location: 2F
0-1: Swinging Strike
0-2: Foul Ball, location: 2F
0-2: Fly out, F7 (Flyball, 7S)
Pitching: LHP Jim Unknown
Batting: LHB Steve Grimes 0-0: Ball
1-0: Called Strike
1-1: Ball
2-1: Foul Ball, location: 2F
2-2: Ball
3-2: Foul Ball, location: 2F
3-2: Foul Ball, location: 2F
3-2: Strikes out swinging
Batting: SHB José Martínez 0-0: Ground out 6-3 (Groundball, 6)
Top of the 8th over - 0 run(s), 0 hit(s), 0 error(s), 0 left on base; Wilmington 4 - Sioux Falls 5
BOTTOM OF THE 8TH
Sioux Falls Red Pandas batting - Pitching for Wilmington Bay Hawks : RHP Jim Unknown
Batting: LHB Pancho Ruíz 0-0: Called Strike
0-1: Fly out, F9 (Flyball, 9D)
Batting: RHB Jorge Rivera 0-0: Ball
1-0: Called Strike
1-1: SINGLE (Line Drive, 4MD)
Batting: RHB Jean Chamissa 0-0: Foul Ball, location: 2F
0-1: Ball
1-1: Foul Ball, location: 2F
1-2: Foul Ball, location: 2F
1-2: Strikes out swinging
Pinch Hitting: LHB Jim Unknown 0-0: Ball
1-0: Called Strike
1-1: Foul Ball, location: 2F
1-2: Strikes out looking
Bottom of the 8th over - 0 run(s), 1 hit(s), 0 error(s), 1 left on base; Wilmington 4 - Sioux Falls 5
TOP OF THE 9TH
Wilmington Bay Hawks batting - Pitching for Sioux Falls Red Pandas : LHP Jim Unknown
Pitching: RHP Jim Unknown
Now in CF: Jim Unknown
Batting: RHB Jim Unknown 0-0: Ball
1-0: SINGLE (Line Drive, 34D)
Batting: LHB Phil Parkinson 0-0: Called Strike
0-1: Called Strike
0-2: Ball
1-2: Foul Ball, location: 2F
1-2: Foul Ball, location: 2F
1-2: Ball
2-2: Ball
3-2: Fielders Choice at 2nd, 4-6 (Groundball, 34)
Batting: RHB Phil Terry 0-0: Swinging Strike
0-1: Ball
1-1: Grounds into double play, 6-4-3 (Groundball, 6)
Top of the 9th over - 0 run(s), 1 hit(s), 0 error(s), 0 left on base; Wilmington 4 - Sioux Falls 5
This league is powered by Out of the Park Baseball, the baseball management simulation game for PC, Mac and Linux
Friday, April 15th, 2016 - OOTP Baseball 16.9 Build 39